 Dungeon Crawl Stone Soup version 0.28.0-43-g3370ac3207 (webtiles) character file.

Game seed: 9606187748839232953

16500 issech the Basher (level 12, -8/107 HPs)
             Began as a Troll Monk on Mar 26, 2022.
             Was an Elder of Hepliaklqana.
             Mangled by a tengu warrior
             ... wielding a +2 war axe
             ... led by a tengu warrior
              (14 damage)
             ... on level 12 of the Dungeon.
             The game lasted 00:42:22 (11830 turns).

issech the Basher (Troll Monk)                     Turns: 11830, Time: 00:42:23

Health: -8/107     AC: 11    Str: 22    XL:     12   Next: 10%
Magic:  0/11       EV: 15    Int:  6    God:    Hepliaklqana [****..]
Gold:   699        SH:  0    Dex: 22    Spells: 11/11 levels left

rFire   + . .      SeeInvis .   r - +4 morningstar (drain)
rCold   + . .      Faith    .   (no shield)
rNeg    . . .      Spirit   +   l - +0 steam dragon scales
rPois   .          Reflect  .   (helmet restricted)
rElec   .          Harm     .   B - scarf {rC+ rF+}
rCorr   .          Rampage  .   (gloves unavailable)
Will    .....                   (boots unavailable)
Stlth   +++.......              C - amulet of guardian spirit
HPRegen 1.07/turn               d - +6 ring of dexterity
MPRegen 0.12/turn               V - +4 ring of protection

@: no status effects
A: reduced essence, large, unfitting armour, claws 3, regeneration 1, shaggy fur
1, tough skin 1
a: Renounce Religion, Recall Ancestor, Ancestor Identity, Transference, Idealise


You were on level 12 of the Dungeon.
You worshipped Hepliaklqana.
Hepliaklqana was greatly pleased with you.
You visited 2 branches of the dungeon, and saw 13 of its levels.

You collected 699 gold pieces.

Inventory:

Hand Weapons
 g - a +1 great sword of electrocution
 r - a +4 morningstar of draining (weapon)
 v - a +2 quarterstaff of chaos
 x - a +0 giant spiked club of protection
 H - a +1 morningstar of protection
 P - a +1 shortbow of freezing
Missiles
 c - 259 stones (quivered)
 f - 11 javelins
 m - 2 atropa-tipped darts
 q - 36 poisoned darts
 t - 79 bolts
 y - 24 sling bullets
 E - 97 arrows
 L - 3 large rocks
 Y - 2 boomerangs
Armour
 b - a +2 robe
 l - +0 steam dragon scales (worn)
 w - a +0 cloak
 B - a scarf of resistance (worn)
 S - a +1 robe of positive energy
Jewellery
 d - a +6 ring of dexterity (left claw)
 s - a ring of see invisible
 u - a ring of flight
 C - an amulet of guardian spirit (around neck)
 V - a +4 ring of protection (right claw)
 Z - a ring of resist corrosion
Wands
 h - a wand of flame (10)
 A - a wand of polymorph (15)
 G - a wand of digging (11)
 J - a wand of iceblast (10)
 K - a wand of mindburst (7)
Scrolls
 e - 2 scrolls of vulnerability
 i - 4 scrolls of teleportation
 o - 2 scrolls of enchant armour
 D - 2 scrolls of amnesia
 I - a scroll of blinking
 M - 3 scrolls of magic mapping
 Q - a scroll of enchant weapon
 R - a scroll of noise
 U - a scroll of silence
 W - 2 scrolls of holy word
Potions
 a - 2 potions of mutation {unknown}
 k - a potion of degeneration {unknown}
 n - 2 potions of flight {unknown}
 p - 2 potions of cancellation {unknown}
 z - a potion of brilliance
 F - 3 potions of curing {unknown}
 N - 2 potions of attraction {unknown}
 O - a potion of lignification {unknown}
 T - a potion of haste
 X - a potion of heal wounds {unknown}


   Skills:
 + Level 7.9 Fighting
 + Level 13.1 Maces & Flails
 + Level 2.2 Throwing
 + Level 7.5 Dodging
 + Level 4.3 Stealth


You had 11 spell levels left.
You didn't know any spells.
Your spell library contained the following spells:

 Spells                   Type           Power      Damage    Failure   Level
 Foxfire                  Conj/Fire      0%         2x1d4     45%         1
 Magic Dart               Conj           0%         1d3       45%         1
 Summon Small Mammal      Summ           0%         N/A       45%         1
 Call Imp                 Summ           0%         N/A       58%         2
 Ensorcelled Hibernation  Hex/Ice        0%         N/A       58%         2
 Passwall                 Tmut/Erth      0%         N/A       58%         2
 Call Canine Familiar     Summ           0%         N/A       83%         3
 Conjure Flame            Conj/Fire      0%         6-21      83%         3
 Ignite Poison            Fire/Tmut/Pois 0%         N/A       83%         3
 Inner Flame              Hex/Fire       0%         N/A       83%         3
 Mephitic Cloud           Conj/Pois/Air  0%         N/A       83%         3
 Summon Guardian Golem    Hex/Summ       0%         N/A       83%         3
 Swiftness                Air            0%         N/A       83%         3
 Flame Wave               Conj/Fire      0%         2d4       99%         4
 Sticky Flame             Conj/Fire      0%         2d3       99%         4


Dungeon Overview and Level Annotations

Branches:
Dungeon (12/15)            Temple (1/1) D:7            Lair (0/6) D:8
    Orc (0/2) D:11

Altars:
Ashenzari
Cheibriados
Dithmenos
Elyvilon
Fedhas
Gozag
Hepliaklqana
Kikubaaqudgha
Makhleb
Nemelex Xobeh
Okawaru
Qazlal
Ru
Sif Muna
Trog
Uskayaw
Vehumet
Wu Jian
Xom
Yredelemnul
Zin
The Shining One
Beogh

Shops:
D:3 (   D:5 :?!


Innate Abilities, Weirdness & Mutations

Your life essence is reduced to manifest your ancestor. (-10% HP)
You are too large for most types of armour.
You have claws for hands.
Your natural rate of healing is unusually fast.
You are covered in fur. (AC +1)
You have tough skin. (AC +1)


Message History

Nolwazi gestures at the tengu warrior while chanting.
The stone arrow hits the tengu warrior!
The tengu warrior dies!
You swap places.
The tengu warrior shoots a bolt.
The bolt hits you.
You swap places.
The tengu warrior shoots a bolt.
The bolt hits you!
The tengu warrior shoots a bolt.
The bolt hits you.
Things that are here:
a +0 halberd; a +0 ring mail The tengu warrior shoots a bolt.
The bolt hits you!!
* * * LOW HITPOINT WARNING * * *
You swap places.
The tengu warrior shoots a bolt.
The bolt hits Nolwazi!!
Things that are here:
a +0 halberd; a +0 ring mail Nolwazi barely misses the tengu warrior.
The tengu warrior shoots a bolt.
The bolt hits Nolwazi!!
Nolwazi is destroyed!
The tengu warrior unwields a +0 arbalest.
The tengu warrior wields a +2 war axe.
The tengu warrior hits you with a +2 war axe!
* * * LOW HITPOINT WARNING * * *
The tengu warrior closely misses you. x2
You thump the tengu warrior! You drain the tengu warrior.
The tengu warrior is moderately wounded.
The tengu warrior hits you but does no damage.
The tengu warrior pecks you.
* * * LOW HITPOINT WARNING * * *
The tengu warrior misses you.
You miss the tengu warrior.
The tengu warrior is moderately wounded.
Unknown command.
You miss the tengu warrior.
The tengu warrior is moderately wounded.
The tengu warrior hits you with a +2 war axe!
* * * LOW HITPOINT WARNING * * *
The tengu warrior pecks you but does no damage.
The tengu warrior claws you but does no damage.
You puncture the tengu warrior!
The tengu warrior is heavily wounded.
The tengu warrior hits you with a +2 war axe!
You die...

##...#..# # #####..# .##
#..#########
...####..........# .#
....##...........## #.#
.....#............# #.#
.............)....## ##.#
......#............### #..#
......#........Q@.)..#####..#
.....##..........###........#
.....##.......####
######...## ##...##########
##)..## #..## #....## #Q.#
#.....# ##.## #.....# #..#
##.....# #..# #......#


You could see a tengu warrior (drained).

Vanquished Creatures
  Snorg (D:11)
  Erolcha (D:11)
  A two-headed ogre (D:7)
  Urug (D:11)
  An orc knight (D:11)
  A cyclops (D:9)
  A manticore (D:11)
  A gargoyle (D:11)
  Psyche (D:11)
  An unseen horror (D:10)
  A troll (D:11)
  Sigmund (D:2)
  A wraith (D:11)
  2 wyverns (D:8)
  14 yaks
  2 steam dragons
  A vampire mosquito (D:8)
  An acid dragon (D:10)
  4 water moccasins
  Duvessa (D:6)
  6 orc warriors
  3 ice beasts
  2 black bears
  2 ogres
  4 sky beasts
  A centaur (D:9)
  5 bullfrogs
  3 scorpions
  A water moccasin zombie (D:7)
  Dowan (D:6)
  2 killer bees (D:10)
  4 howler monkeys
  5 wights (D:5)
  A vampire bat (D:8)
  2 bullfrog zombies
  8 centaur zombies
  A jelly (D:5)
  2 orc priests
  Crazy Yiuf (D:4)
  2 centaur skeletons (D:7)
  A gnoll shaman (D:4)
  3 iguanas
  10 orc wizards
  A human skeleton (D:9)
  3 howler monkey zombies
  5 gnolls
  8 adders
  2 shadow imps
  A white imp (D:7)
  2 worms
  A dart slug (D:5)
  38 orcs
  9 ball pythons
  3 bat skeletons (D:8)
  2 bat zombies (D:8)
  9 endoplasms
  7 goblins
  8 hobgoblins
  3 quokkas
  4 bats
  3 frilled lizards
  A goblin zombie (D:9)
  A jackal skeleton (D:4)
  11 kobolds
  9 rats
239 creatures vanquished.

Vanquished Creatures (collateral kills)
  A tengu warrior (D:12)
  2 gargoyles (D:12)
  3 yaks
  A wraith (D:11)
  A wyvern (D:8)
  A human (D:9)
  A steam dragon (D:9)
  A vampire mosquito (D:8)
  2 water moccasins (D:8)
  2 orc warriors (D:11)
  A centaur (D:9)
  2 kobold brigands
  3 killer bees (D:10)
  3 centaur zombies
  An orc priest (D:8)
  A gnoll shaman (D:9)
  An orc wizard (D:10)
  4 gnolls (D:9)
  2 orcs (D:11)
  A bat zombie (D:8)
  3 kobolds
37 creatures vanquished.

Vanquished Creatures (others)
  4 battlemagi
  3 fungi
  7 plants (D:8)
14 creatures vanquished.

Grand Total: 290 creatures vanquished

Notes
Turn   | Place    | Note
-------+----------+-------------------------------------------
     0 | D:1      | issech the Troll Monk began the quest for the Orb.
     0 | D:1      | Reached XP level 1. HP: 22/22 MP: 0/0
   516 | D:1      | Found a faded altar of an unknown god.
   546 | D:1      | Reached XP level 2. HP: 29/29 MP: 1/1
   559 | D:1      | You fall into a shaft and drop 1 floor!
   630 | D:2      | Reached skill level 3 in Maces & Flails
   664 | D:2      | Noticed Sigmund
  1181 | D:3      | Reached XP level 3. HP: 36/36 MP: 2/2
  1213 | D:3      | Found Guegan's Weapon Boutique.
  1558 | D:2      | Reached XP level 4. HP: 32/44 MP: 3/3
  1972 | D:2      | Killed Sigmund
  1973 | D:2      | Reached skill level 4 in Maces & Flails
  1973 | D:2      | Reached XP level 5. HP: 38/53 MP: 4/4
  2138 | D:3      | Reached XP level 6. HP: 61/61 MP: 5/5
  2173 | D:3      | Noticed a steam dragon
  2183 | D:3      | Killed a steam dragon
  2184 | D:3      | Reached skill level 5 in Maces & Flails
  2738 | D:4      | Reached XP level 7. HP: 58/67 MP: 6/6
  3297 | D:4      | Found an iron altar of Okawaru.
  3315 | D:4      | Reached skill level 6 in Maces & Flails
  4123 | D:4      | Found a runed translucent door.
  4124 | D:4      | Noticed Crazy Yiuf
  4137 | D:4      | Killed Crazy Yiuf
  4212 | D:5      | Entered Level 5 of the Dungeon
  4362 | D:5      | Reached XP level 8. HP: 78/78 MP: 7/7
  4444 | D:5      | Found Rodesom's Book Shoppe.
  4445 | D:5      | Found Yrre's Magic Scroll Shop.
  4446 | D:5      | Found Tataot's Distillery.
  4858 | D:5      | Reached skill level 7 in Maces & Flails
  5110 | D:6      | Found a shimmering blue altar of Sif Muna.
  5266 | D:6      | Found a stormy altar of Qazlal.
  5377 | D:6      | Noticed a blizzard demon
  5378 | D:6      | Found a burning altar of Makhleb.
  5383 | D:6      | Found a glowing silver altar of Zin.
  5383 | D:6      | Noticed an angel
  5694 | D:6      | Noticed Duvessa
  5702 | D:6      | Noticed Dowan
  5705 | D:6      | Reached skill level 8 in Maces & Flails
  5714 | D:6      | Killed Duvessa
  5715 | D:6      | Reached XP level 9. HP: 62/87 MP: 8/8
  5717 | D:6      | Killed Dowan
  5719 | D:6      | Reached skill level 5 in Dodging
  6036 | D:6      | Reached skill level 5 in Fighting
  6075 | D:7      | Noticed a two-headed ogre
  6086 | D:7      | Killed a two-headed ogre
  6087 | D:7      | Reached skill level 9 in Maces & Flails
  6143 | D:7      | Reached skill level 1 in Throwing
  6691 | D:7      | Found a radiant altar of Vehumet.
  7080 | D:7      | Found a staircase to the Ecumenical Temple.
  7088 | Temple   | Entered the Ecumenical Temple
  7209 | Temple   | Became a worshipper of Hepliaklqana the Forgotten
  7209 | Temple   | Reached * piety under Hepliaklqana
  7209 | Temple   | Reached ** piety under Hepliaklqana
  7210 | Temple   | Remembered your ancestor Nolwazi as a battlemage
  7536 | D:8      | Found an ancient bone altar of Kikubaaqudgha.
  7687 | D:8      | Found a shimmering altar of Xom.
  7690 | D:8      | Reached XP level 10. HP: 85/87 MP: 7/9
  7694 | D:8      | Reached skill level 10 in Maces & Flails
  7739 | D:8      | Found a staircase to the Lair.
  7927 | D:8      | Found a hide-covered altar of Uskayaw.
  8336 | D:9      | Noticed a cyclops
  8339 | D:9      | Reached skill level 11 in Maces & Flails
  8353 | D:9      | Killed a cyclops
  8677 | D:9      | Found a runed translucent door.
  8686 | D:9      | Found a basalt altar of Yredelemnul.
  8688 | D:9      | Reached *** piety under Hepliaklqana
  8931 | D:9      | Reached XP level 11. HP: 93/96 MP: 10/10
  9322 | D:10     | Entered Level 10 of the Dungeon
 10207 | D:10     | Found a broken altar of Ashenzari.
 10529 | D:11     | Reached **** piety under Hepliaklqana
 10571 | D:11     | Found a staircase to the Orcish Mines.
 10697 | D:11     | Noticed an orc knight
 10707 | D:11     | Killed an orc knight
 10708 | D:11     | Reached skill level 12 in Maces & Flails
 11014 | D:11     | Noticed Urug
 11043 | D:11     | Killed Urug
 11070 | D:11     | Noticed Psyche
 11079 | D:11     | Killed Psyche
 11105 | D:11     | Noticed Erolcha
 11115 | D:11     | Killed Erolcha
 11327 | D:11     | Noticed Snorg
 11491 | D:11     | Killed Snorg
 11496 | D:11     | Reached skill level 13 in Maces & Flails
 11496 | D:11     | Reached XP level 12. HP: 83/107 MP: 7/11
 11772 | D:12     | Noticed a tengu warrior
 11779 | D:12     | Noticed a tengu warrior
 11819 | D:12     | Killed a tengu warrior
 11830 | D:12     | Mangled by a tengu warrior

Illustrated notes

Levels and vault maps discovered:
D:1:      dpeg_arrival_central, layout_basic, serial_curves, eino_curves_01,
          eino_curves_03, hellmonk_ecumenical_altar_pennies_from_heaven,
          minmay_liquid_box
D:2:      layout_basic, grunt_ministairs_5, corexii_item_surrounded_by_moat,
          nrook_mini_vaults, minmay_misc_feat_doors, nicolae_underground_beach,
          uniq_sigmund
D:3:      layout_basic, serial_shops, shop_fountains
D:4:      minmay_angry_zag, layout_layer_cave, okawaru_trees_1,
          uniq_crazy_yiuf_cottage
D:5:      layout_basic, nicolae_wooded_promenade
D:6:      layout_basic, grunt_temple_overflow_order_and_chaos_2,
          lemuel_crystal_altar, mainiacjoe_overflow_concentric_impassable,
          uniq_duvessa
D:7:      layout_layer_cave, amcnicky_altar_gilded, minmay_temple_entry_trees
D:8:      layout_rooms, mainiacjoe_overflow_tiny_flanked,
          mainiacjoe_overflow_cross_hatched, kennysheep_vampire_church,
          minmay_lair_entry_grove, hangedman_glass_teeth
D:9:      layout_loops_corners, dk_yredelemnul_ordeal, hangedman_corner_corridor
D:10:     layout_cross, lemuel_round_altar, kennysheep_doodads,
          minmay_misc_feat_nine_boxes
D:11:     layout_roguey, david_orc_5, minmay_misc_feat_roman, uniq_snorg,
          uniq_psyche, uniq_urug, uniq_erolcha
D:12:     minmay_octagon_keep, layout_cave_pods, uniq_jorgrun
Temple:   minmay_temple_curvy_loop

Skill      XL: |  1  2  3  4  5  6  7  8  9 10 11 |
---------------+----------------------------------+-----
Maces & Flails | 3 4 5 6 8 9 11 13 | 13.1
Fighting       | 3 4 5 6 7 |  7.9
Dodging        | 3 4 5 6 7 |  7.5
Stealth        | 2 3 4 |  4.3
Throwing       | 1 2 |  2.2

Action                   |  1- 3 |  4- 6 |  7- 9 | 10-12 || total
-------------------------+-------+-------+-------+-------++-------
Melee: Mace              |   108 |    64 |       |       ||   172
       Punch             |       |     2 |     2 |     4 ||     8
       Whip              |       |    49 |   102 |       ||   151
       Giant spiked club |       |       |    14 |       ||    14
       Morningstar       |       |       |   185 |   283 ||   468
Throw: Stone             |       |     4 |     7 |     2 ||    13
       Large rock        |       |       |       |    11 ||    11
Invok: Ancestor Life: Ba |       |       |     1 |       ||     1
  Use: Scroll            |       |     3 |     7 |     4 ||    14
 Stab: Sleeping          |     5 |     1 |     9 |     4 ||    19
       Distracted        |     1 |       |     1 |     4 ||     6
Armor: Robe              |    47 |    15 |       |       ||    62
       Steam dragon scal |       |    13 |    94 |    92 ||   199
Dodge: Dodged            |    90 |    76 |   182 |   203 ||   551
